 Dungeon Crawl Stone Soup version 0.28.0-53-g5a82cb258f (webtiles) character file.

Game seed: 7451355396926736252

1519 Revguard the Covert (level 8, 0/63 HPs)
             Began as a Vine Stalker Brigand on May 27, 2022.
             Slain by a troll (3 damage)
             ... on level 6 of the Dungeon.
             The game lasted 00:15:45 (5075 turns).

Revguard the Covert (Vine Stalker Brigand)          Turns: 5075, Time: 00:15:46

Health: 0/63       AC: 24    Str: 15    XL:     8   Next: 84%
Magic:  0/13       EV:  2    Int: 11    God:
Gold:   264        SH:  0    Dex: 17    Spells: 13/13 levels left

rFire   . . .      SeeInvis .   o - +0 rapier
rCold   . . .      Faith    .   (no shield)
rNeg    . . .      Spirit   +   (armour currently unavailable)
rPois   +          Reflect  .   (helmet currently unavailable)
rElec   .          Harm     .   (cloak currently unavailable)
rCorr   .          Rampage  .   (gloves currently unavailable)
Will    +....      NoTele   +   (boots currently unavailable)
Stlth   ++++......              w - amulet of the acrobat
HPRegen 1.00/turn               (no ring)
MPRegen 0.13/turn               (no ring)

@: tree-form, hasted, unable to read, very quick
A: stationary, stasis, torment immunity, boosted hp, (fangs 3), regeneration 1,
magic shield, (antimagic bite), no potion heal 2, (horns 1), inability to read
while threatened
a: no special abilities


You were on level 6 of the Dungeon.
You were a tree.
You visited 1 branch of the dungeon, and saw 6 of its levels.

You collected 264 gold pieces.

Inventory:

Hand Weapons
 a - a +2 dagger
 o - a +0 rapier (weapon)
 v - a +2 short sword of holy wrath
Missiles
 d - 6 poisoned darts (quivered)
 r - 6 javelins
Armour
 b - a +0 robe
 c - a +0 cloak (melded)
 p - a +0 ring mail (melded)
 t - a +0 pair of gloves (melded)
Jewellery
 g - a ring of wizardry
 w - an amulet of the acrobat (around neck)
Scrolls
 f - 2 scrolls of teleportation
 k - 2 scrolls of noise
 l - 2 scrolls of enchant weapon
 n - a scroll of fog
Potions
 i - a potion of haste
 j - 3 potions of curing
 m - 3 potions of attraction
 q - a potion of resistance
 x - a potion of degeneration {unknown}


   Skills:
 + Level 3.8 Fighting
 + Level 3.8 Short Blades
 - Level 1.7 Throwing
 + Level 2.8 Armour
 + Level 3.1 Dodging
 * Level 8.8 Stealth
 + Level 3.2 Spellcasting
 + Level 3.2 Poison Magic


You had 13 spell levels left.
You didn't know any spells.
Your spell library was empty.

Dungeon Overview and Level Annotations

Branches:
Dungeon (6/15)
 Temple: D:4-7

Altars:

Annotations:
D:3 2 transporters, Infinimo's ghost, amateur OgGl
D:6 1 transporter


Innate Abilities, Weirdness & Mutations

You are a tree.
Your roots penetrate the ground, keeping you stationary.
You cannot be teleported.
You are immune to unholy pain and torment.
Your maximum health is greatly increased.
Your equipment is partially melded.
((You have razor-sharp teeth.))
Your natural rate of healing is unusually fast.
When hurt, damage is shared between your health and your magic reserves.
((Your bite disrupts and absorbs the magic of your enemies.))
Potions cannot restore your health.
((You have a pair of small horns on your head.))
You sometimes lose the ability to read scrolls when taking damage.


Message History

The troll claws you. The troll bites you but does no damage.
The troll claws you! x2
You hit the troll.
The troll is moderately wounded.
The troll bites you. The troll claws you but does no damage.
The troll claws you!
* * * LOW HITPOINT WARNING * * *
You puncture the troll!
The troll is moderately wounded.
The troll bites you but does no damage. The troll claws you!
* * * LOW HITPOINT WARNING * * *
The troll claws you but does no damage.
It was a potion of mutation.
You feel extremely strange. A pair of horns grows on your head!
You lose the ability to read scrolls when threatened.
The troll bites you but does no damage.
The troll claws you but does no damage. x2
It was a potion of flight.
Your roots keep you in place.
The troll bites you.
You feel threatened and lose the ability to read scrolls!
* * * LOW HITPOINT WARNING * * *
The troll claws you but does no damage. The troll claws you!
* * * LOW HITPOINT WARNING * * *
You feel yourself speed up. The troll bites you but does no damage.
The troll claws you but does no damage. The troll claws you!
* * * LOW HITPOINT WARNING * * *
You barely miss the troll.
The troll is moderately wounded.
You barely miss the troll.
The troll is moderately wounded.
The troll bites you but does no damage.
The troll claws you but does no damage. x2
You closely miss the troll.
The troll is moderately wounded.
The troll barely misses you. The troll claws you.
* * * LOW HITPOINT WARNING * * *
The troll claws you but does no damage.
You hit the troll.
The troll is moderately wounded.
You puncture the troll!
The troll is heavily wounded.
The troll bites you.
You die...

#......$#.≈≈≈≈.#
........#.≈≈≈≈.#
.... #.≈≈≈≈.#
...##.≈≈≈≈.#
##...#.≈≈≈≈.#
#....#.≈≈≈≈.#
...#......#
#.###'####
#.♣T..# #######
# ## .## ..# ...
..> #


You could see a troll.

Vanquished Creatures
  Pikel (D:6)
  A wyvern (D:4)
  Duvessa (D:6)
  An ogre (D:6)
  A black bear (D:6)
  3 lemures (D:6)
  A centaur (D:5)
  A phantom (D:5)
  Dowan (D:6)
  3 orc priests
  Crazy Yiuf (D:6)
  Jessica (D:2)
  An iguana (D:5)
  3 orc wizards
  A scorpion zombie (D:5)
  A hound zombie (D:5)
  2 hound skeletons
  9 adders
  An ufetubus (D:4)
  A dart slug (D:3)
  11 orcs
  7 ball pythons
  4 bats
  6 endoplasms
  3 giant cockroaches
  7 goblins
  6 hobgoblins
  5 quokkas
  3 frilled lizards
  6 kobolds
  5 rats
98 creatures vanquished.

Notes
Turn   | Place    | Note
-------+----------+-------------------------------------------
     0 | D:1      | Revguard the Vine Stalker Brigand began the quest for the
                  | Orb.
     0 | D:1      | Reached XP level 1. HP: 11/11 MP: 2/2
   134 | D:1      | Reached skill level 5 in Stealth
   222 | D:1      | Reached skill level 1 in Dodging
   222 | D:1      | Reached XP level 2. HP: 15/15 MP: 3/3
  1085 | D:2      | Reached XP level 3. HP: 18/18 MP: 4/4
  1389 | D:2      | Gained mutation: Your natural rate of healing is unusually
                  | fast. [Vine Stalker growth]
  1389 | D:2      | Reached XP level 4. HP: 23/23 MP: 5/5
  1402 | D:2      | HP: 1/23 [something (3)]
  1419 | D:2      | Reached skill level 1 in Armour
  1439 | D:2      | Reached skill level 1 in Poison Magic
  1439 | D:2      | Reached XP level 5. HP: 27/27 MP: 7/7
  1601 | D:2      | Noticed Jessica
  1608 | D:2      | Killed Jessica
  1609 | D:2      | Reached skill level 1 in Spellcasting
  2096 | D:3      | Reached skill level 6 in Stealth
  2386 | D:3      | Found a transporter.
  2388 | D:3      | Noticed Infinimo's ghost (amateur OgGl)
  2389 | D:3      | Found a transporter.
  3142 | D:4      | Noticed a wyvern
  3145 | D:4      | Killed a wyvern
  3146 | D:4      | Reached XP level 6. HP: 32/32 MP: 7/9
  3620 | D:5      | Entered Level 5 of the Dungeon
  3959 | D:5      | Reached XP level 7. HP: 34/35 MP: 10/10
  3974 | D:5      | Reached skill level 7 in Stealth
  4578 | D:6      | Noticed Duvessa
  4580 | D:6      | Noticed Dowan
  4584 | D:6      | Killed Duvessa
  4594 | D:6      | Killed Dowan
  4595 | D:6      | Gained mutation: You have razor-sharp teeth. [Vine Stalker
                  | growth]
  4595 | D:6      | Reached XP level 8. HP: 22/40 MP: 6/12
  4755 | D:6      | Found a transporter.
  4833 | D:6      | Found a runed translucent door.
  4834 | D:6      | Noticed Crazy Yiuf
  4851 | D:6      | Killed Crazy Yiuf
  4925 | D:6      | Noticed Pikel
  4991 | D:6      | Reached skill level 8 in Stealth
  5032 | D:6      | Noticed a troll
  5042 | D:6      | Killed Pikel
  5068 | D:6      | Gained mutation: You have a pair of small horns on your
                  | head. [potion of mutation]
  5068 | D:6      | Gained mutation: You sometimes lose the ability to read
                  | scrolls when taking damage. [potion of mutation]
  5070 | D:6      | HP: 1/63 [troll (5)]
  5075 | D:6      | Slain by a troll

Illustrated notes

Levels and vault maps discovered:
D:1:      giann_wishing_wells, layout_loops_ring, minivault_27,
          minmay_crystal_water
D:2:      cheibrodos_pilgrimage, layout_basic, kennysheep_generic_room_16,
          uniq_jessica
D:3:      layout_loops_corners, gammafunk_ghost_mausoleum
D:4:      layout_gridville
D:5:      layout_basic
D:6:      gammafunk_cloud_chamber, layout_cave_pools,
          nicolae_hepliaklqana_hippocampus, nrook_pool_corridor,
          minmay_misc_feat_ornament, uniq_crazy_yiuf_cottage, uniq_duvessa,
          uniq_pikel

Skill      XL: |  1  2  3  4  5  6  7  8 |
---------------+-------------------------+-----
Stealth        | 5 6 7 8 |  8.8
Dodging        | 1 2 3 |  3.1
Fighting       | 2 3 |  3.8
Short Blades   | 2 3 |  3.8
Armour         | 1 2 |  2.8
Poison Magic   | 1 2 3 |  3.2
Spellcasting   | 1 2 3 |  3.2
Throwing       | |  1.7

Action                   |  1- 3 |  4- 6 |  7- 9 || total
-------------------------+-------+-------+-------++-------
Melee: Dagger            |    56 |   129 |    39 ||   224
       Bite              |    10 |    37 |    48 ||    95
       Punch             |       |     2 |     3 ||     5
       Rapier            |       |       |   106 ||   106
Throw: Dart              |     6 |     4 |     5 ||    15
  Use: Scroll            |       |     8 |     4 ||    12
       Potion            |       |       |     4 ||     4
 Stab: Sleeping          |    12 |    13 |     5 ||    30
Armor: Robe              |    11 |     5 |       ||    16
       Ring mail         |       |    34 |    41 ||    75
       Skin              |       |       |    18 ||    18
Dodge: Dodged            |    39 |    57 |    70 ||   166
